 Dungeon Crawl Stone Soup version 0.21.1-1-g345015fe64 (webtiles) character file.

109 Oravi the Transmogrifier (level 4, 0/38 HPs)
             Began as a Merfolk Transmuter on Apr 14, 2018.
             Succumbed to an adder's poison
             ... on level 2 of the Dungeon.
             The game lasted 00:05:08 (1465 turns).

Oravi the Transmogrifier (Merfolk Transmuter)       Turns: 1465, Time: 00:05:09

Health: 0/38       AC:  2    Str: 10    XL:     4   Next: 89%
Magic:  7/7        EV: 15    Int: 13    God:
Gold:   47         SH:  0    Dex: 14    Spells: 1/7 levels left

rFire    . . .     SeeInvis .     - Unarmed
rCold    . . .     Gourm    .   (no shield)
rNeg     . . .     Faith    .   b - +0 robe
rPois    .         Spirit   .   (no helmet)
rElec    .         Reflect  .   (no cloak)
rCorr    .         Harm     .   (no gloves)
MR       .....                  (no boots)
Stlth    +.........             j - amulet of magic regeneration
HPRegen  0.12/turn              (no ring)
MPRegen  0.35/turn              (no ring)

@: lethally poisoned (0 -> -13), berserk cooldown, slowed, very slow
A: change form in water, swift swim, stealthy swim
a: no special abilities


You were on level 2 of the Dungeon.
You were hungry.

You visited 1 branch of the dungeon, and saw 2 of its levels.

You collected 47 gold pieces.

Inventory:

Missiles
 a - 12 arrows
Armour
 b - a +0 robe (worn)
Jewellery
 j - an amulet of magic regeneration (around neck)
Scrolls
 f - 2 scrolls of enchant weapon
Potions
 i - 2 potions of haste
 o - a potion of experience
Books
 c - a book of Changes

   Spells                             Type                      Level
   a - Beastly Appendage              Transmutation                1
   b - Sticks to Snakes               Transmutation                2
   c - Spider Form                    Transmutation/Poison         3
   d - Ice Form                       Ice/Transmutation            4
   e - Blade Hands                    Transmutation                5
Comestibles
 d - 3 rations


   Skills:
 + Level 4.6 Fighting
 + Level 6.1 Dodging
 + Level 6.5 Unarmed Combat
 - Level 2.0 Spellcasting
 * Level 8.7 Transmutations
 + Level 4.3 Poison Magic


You had one spell level left.
You knew the following spells:

 Your Spells              Type           Power        Failure   Level  Hunger
a - Beastly Appendage     Tmut           ###...       1%          1    ##.....
b - Sticks to Snakes      Tmut           ###.....     1%          2    ###....
c - Spider Form           Tmut/Pois      ###.......   5%          3    ####...


Dungeon Overview and Level Annotations

Branches:
Dungeon (2/15)

Altars:
Hepliaklqana


Message History

You feel sick.
You see here an adder corpse.
You are too berserk!
You feel a strong urge to attack something.
* * * LOW HITPOINT WARNING * * *
You feel sick.
You are no longer berserk.
You are exhausted.
You feel yourself slow down.
* * * LOW HITPOINT WARNING * * *
You feel sick.
It was a potion of experience.
You feel more experienced!
Your Fighting skill gained 3 levels and is now at level 4!
Your Dodging skill gained 3 levels and is now at level 6!
Your Unarmed Combat skill gained 2 levels and is now at level 6!
Your Transmutations skill gained 5 levels and is now at level 8!
Your Poison Magic skill gained 4 levels and is now at level 4!
You have reached level 4!
You die...

..........
......!..
..#.[...
#.....### #
#.#...... ..
##.#...###...
#............
#.<..@.......
##.#....####.
#.$_....##
#..#.##....#
...............
#####...#####..#
#### #... ##.


There were no monsters in sight!

Vanquished Creatures
  2 adders (D:2)
  An ooze (D:1)
  2 leopard geckos (D:1)
  2 bats (D:1)
  3 giant cockroaches
  4 goblins (D:1)
  4 hobgoblins (D:1)
  3 jackals (D:1)
  A kobold (D:1)
  3 frilled lizards (D:1)
  2 rats (D:1)
27 creatures vanquished.

Notes
Turn   | Place    | Note
-------+----------+-------------------------------------------
     0 | D:1      | Oravi the Merfolk Transmuter began the quest for the Orb.
     0 | D:1      | Reached XP level 1. HP: 15/15 MP: 3/3
   108 | D:1      | Reached skill level 3 in Transmutations
   115 | D:1      | Reached XP level 2. HP: 12/21 MP: 3/5
   959 | D:1      | Reached XP level 3. HP: 17/26 MP: 4/6
   975 | D:1      | Learned a level 2 spell: Sticks to Snakes
   979 | D:1      | Learned a level 3 spell: Spider Form
  1442 | D:2      | Found a hazy altar of Hepliaklqana.
  1464 | D:2      | HP: 1/26 [poisoned by an adder]
  1465 | D:2      | Reached skill level 8 in Transmutations
  1465 | D:2      | Reached XP level 4. HP: 2/38 MP: 7/7
  1465 | D:2      | Succumbed to an adder's poison

Skill      XL: |  1  2  3 |
---------------+----------+-----
Transmutations | 3 8 |  8.7
Unarmed Combat | 4 6 |  6.5
Dodging        | 6 |  6.1
Fighting       | 4 |  4.6
Poison Magic   | 4 |  4.3
Spellcasting   | |  2.0

Action                   |  1- 3 |  4- 6 || total
-------------------------+-------+-------++-------
Melee: Unarmed           |    94 |       ||    94
       Punch             |     1 |       ||     1
       Headbutt          |     4 |       ||     4
 Cast: Beastly Appendage |    14 |       ||    14
       Spider Form       |     3 |       ||     3
  Use: Scroll            |     7 |       ||     7
       Potion            |     2 |       ||     2
 Stab: Sleeping          |     3 |       ||     3
  Eat: Chunk             |     2 |       ||     2
Armor: Robe              |    14 |       ||    14
       Skin              |     1 |       ||     1
Dodge: Dodged            |    84 |       ||    84
